 Dungeon Crawl Stone Soup version 0.31-a0-819-gf6de2f5ab6 (webtiles) character file.

Game seed: 18386369137232724759

181 Kurtz the Chopper (level 5, -9/36 HPs)
             Began as an Octopode Fighter on Sept 25, 2023.
             Mangled by a gnoll sergeant
             ... wielding a +0 spear
              (12 damage)
             ... on level 3 of the Dungeon.
             The game lasted 00:01:56 (2209 turns).

Kurtz the Chopper (Octopode Fighter)                Turns: 2209, Time: 00:01:57

Health: -9/36      AC:  1    Str: 15    XL:     5   Next: 61%
Magic:  5/5        EV: 13    Int: 11    God:
Gold:   134        SH:  4    Dex: 13    Spells: 4/4 levels left

rFire   . . .        a - +0 war axe
rCold   . . .        b - +0 buckler
rNeg    . . .        (helmet restricted)
rPois   .            (no amulet)
rElec   .            (no ring)
rCorr   .            (no ring)
SInv    .            (no ring)
Will    .....        (no ring)
Stlth   ++           (no ring)
HPRegen 0.26/turn    (no ring)
MPRegen 0.09/turn    (no ring)
                     (no ring)

%: no passive effects
@: hasted, very quick
A: almost no armour, amphibious, 8 rings, camouflage 1, gelatinous body 1,
(nimble swimmer 1), tentacles
a: no special abilities


You were on level 3 of the Dungeon.
You visited 1 branch of the dungeon, and saw 3 of its levels.

You collected 134 gold pieces.

Inventory:

Hand Weapons
 a - a +0 war axe (weapon)
Armour
 b - a +0 buckler (worn)
Jewellery
 f - a +6 ring of intelligence
Scrolls
 d - a scroll of enchant weapon {unknown}
 e - a scroll of brand weapon {unknown}
 g - 2 scrolls of noise {unknown}
 i - 2 scrolls of blinking {unknown}
 l - a scroll of immolation {unknown}
 m - a scroll of fear {unknown}
 n - a scroll of fog {unknown}
 o - a scroll of identify {unknown}
Potions
 h - a potion of haste
 j - 2 potions of enlightenment {unknown}
 k - a potion of resistance {unknown}


   Skills:
 - Level 3.0 Fighting
 * Level 5.6 Axes
 - Level 3.0 Dodging
 - Level 3.0 Shields


You had 4 spell levels left.
You didn't know any spells.
Your spell library contained the following spells:

 Spells                   Type           Power      Damage    Failure   Level
 Scorch                   Fire           0%         2d5       56%         2
 Flame Wave               Conj/Fire      0%         2d4       99%         4
 Summon Cactus Giant      Summ           0%         N/A       100%        6


Dungeon Overview and Level Annotations

Branches:
Dungeon (3/15)

Altars:


Innate Abilities, Weirdness & Mutations

You cannot wear most types of armour.
You are amphibious.
You can wear up to eight rings at the same time.
Your skin changes colour to match your surroundings (Stealth+).
Your rubbery body absorbs attacks. (AC +1, EV +1)
((You are camouflaged when in or above water. (Stealth+)))
You have tentacles for arms and can constrict up to eight enemies at once.


Message History

A nearby fungus withers and dies.
You now have 134 gold pieces (gained 13).
You see here a human skeleton.
You feel a little less mighty now.
There is an open door here.
You see here a +0 dagger.
There is an open door here.
There is an open gate here.
You see here a +0 whip.
You see here a +0 ring mail.
An endoplasm comes into view.
An endoplasm is nearby!
The helpless endoplasm fails to defend itself.
You slash the endoplasm!
You kill the endoplasm!
No target in view!
No target in view!
Done exploring.
Done exploring.
No target in view!
Done exploring.
Done exploring.
The gnoll shouts!
The gnoll sergeant shouts!
The gnoll sergeant hits you with a +0 spear!
The gnoll sergeant barely misses you. The gnoll misses you.
You block the gnoll sergeant's attack. You block the gnoll's attack.
The gnoll sergeant hits you from afar with a +0 spear.
The gnoll attacks as it pursues you!
The gnoll hits you from afar with a +0 spear!
It was a potion of haste.
You feel yourself speed up.
The gnoll sergeant completely misses you.
The gnoll sergeant hits you with a +0 spear!
* * * LOW HITPOINT WARNING * * *
You hit the gnoll sergeant. You grab the gnoll sergeant.
You squeeze the gnoll sergeant, but do no damage.
The gnoll sergeant is lightly wounded.
You constrict the gnoll sergeant, but do no damage.
The gnoll misses you.
The gnoll sergeant hits you with a +0 spear!
You die...

''## #.# #.#
...####.# #.#
...)....# #.#
######### #.# ######
#############.#
.....#
#...........#.#
####.#
#.###.#####.#.# #.#
#.# #.# #.#.# #.# #.#
#@# #...# #.# #.# #g#
#.### ####.# #.#
#g#####.# ..†..# #.#
#gg.....# #.####
#.###.##.####
#.##########.....>..#
#.......<.g.gg...####
##################


You could see a gnoll sergeant and 3 gnolls.

Vanquished Creatures
  2 jellies (D:3)
  4 adders
  5 worms
  An orc (D:3)
  15 endoplasms
  5 giant cockroaches
  2 goblins
  8 hobgoblins
  9 kobolds
  4 ball pythons
  5 bats
  5 frilled lizards
  6 rats
71 creatures vanquished.

Notes
Turn   | Place    | Note
-------+----------+-------------------------------------------
     0 | D:1      | Kurtz the Octopode Fighter began the quest for the Orb.
     0 | D:1      | Reached XP level 1. HP: 16/16 MP: 1/1
   255 | D:1      | Reached XP level 2. HP: 21/21 MP: 2/2
   550 | D:1      | Reached skill level 3 in Axes
   852 | D:2      | Reached XP level 3. HP: 26/26 MP: 3/3
  1284 | D:3      | Reached skill level 4 in Axes
  1334 | D:3      | Reached XP level 4. HP: 31/31 MP: 4/4
  1733 | D:3      | Noticed a gnoll sergeant
  2039 | D:3      | Reached skill level 5 in Axes
  2039 | D:3      | Reached XP level 5. HP: 18/36 MP: 5/5
  2209 | D:3      | Mangled by a gnoll sergeant

Illustrated notes

Levels and vault maps discovered:
D:1:      minmay_arrival_radiant_lines, layout_basic, st_stairs_4, minivault_24
D:2:      layout_loops_ring
D:3:      cheibrodos_fertilizer, layout_loops_ring, minmay_box_of_dots

Skill      XL: |  1  2  3  4 |
---------------+-------------+-----
Axes           | 3 4 5 |  5.6
Fighting       | |  3.0
Dodging        | |  3.0
Shields        | |  3.0

Action                     |  1- 3 |  4- 6 || total
---------------------------+-------+-------++-------
  Melee: War axe           |    55 |    56 ||   111
         Tentacles         |    11 |     9 ||    20
         Constrict         |    10 |     8 ||    18
    Use: Potion            |       |     2 ||     2
   Stab: Sleeping          |     5 |     7 ||    12
         Distracted        |     1 |       ||     1
 Armour: Skin              |    18 |    21 ||    39
  Dodge: Dodged            |    30 |    33 ||    63
  Block: Buckler           |    12 |    14 ||    26

Table legend: (Time is in decaauts)
 A = Elapsed time spent in this place.
 B = Non-inter-level travel time spent in this place.
 C = Inter-level travel time spent in this place.
 D = Time resting spent in this place.
 E = Time spent auto-exploring this place.
 F = Levels seen in this place.
 G = Mean time per level.
                   A        B        C        D        E       F      G
               +--------+--------+--------+--------+--------+-----+--------+
         Total |   2247 |   2183 |     64 |     64 |   1717 |   3 |  749.0 |
       Dungeon |   2247 |   2183 |     64 |     64 |   1717 |   3 |  749.0 |
               +--------+--------+--------+--------+--------+-----+--------+

Top non-repeatable levels by time:
     D:3: 927 daAuts
     D:1: 675 daAuts
     D:2: 644 daAuts
